 Dungeon Crawl Stone Soup version 0.19-a0 (webtiles) character file.

1248 Ratboiler the Slinger (level 8, -1/61 HPs)
             Began as a Ghoul Hunter on Apr 27, 2016.
             Slain by a worker ant (5 damage)
             ... on level 6 of the Dungeon.
             The game lasted 00:15:16 (6777 turns).

Ratboiler the Slinger (Ghoul Hunter)                Turns: 6777, Time: 00:15:17

Health: -1/61      AC:  6    Str: 25    XL:     8   Next: 50%
Magic:  7/7        EV: 10    Int: 10    God:
Gold:   324        SH:  0    Dex: 11    Spells: 0 memorised, 7 levels left

rFire  + . .     SeeInvis +     b - +1 dagger "Rael" {pierce, rN+ Str+9 Int+4}
rCold  + . .     Gourm    .     y - +0 scale mail
rNeg   + + +     Faith    .     (no shield)
rPois  ∞         Spirit   .     (no helmet)
rElec  .         Dismiss  .     (no cloak)
rCorr  .         Reflect  .     (no gloves)
SustAt .         Harm     .     (no boots)
MR     .....                    s - amulet of magic regeneration
Stlth  ..........               L - ring of protection from fire
                                C - ring of see invisible

@: rotting, not resistant to hostile enchantments, extremely unstealthy
A: rotting body, claws 1, carnivore 3, cold resistance 1, negative energy
resistance 3, slow regeneration 1, torment resistance, unbreathing
a: no special abilities


You were on level 6 of the Dungeon.
You were not hungry.

You visited 2 branches of the dungeon, and saw 7 of its levels.
You also visited: Ossuary.

You collected 324 gold pieces.

Inventory:

Hand Weapons
 a - a +1 hunting sling
 b - the +1 dagger "Rael" (weapon) {pierce, rN+ Str+9 Int+4}
   (You found it on level 6 of the Dungeon)

   It inflicts extra damage upon your enemies.
   It affects your strength (+9).
   It affects your intelligence (+4).
   It protects you from negative energy.
 i - a +0 short sword
 J - a +0 spear
Missiles
 j - 146 stones (quivered)
 o - 2 throwing nets
 q - 5 needles of sleeping
 G - 17 poisoned needles
Armour
 c - a +0 leather armour
 m - a +0 ring mail
 y - a +0 scale mail (worn)
Jewellery
 s - an amulet of magic regeneration (around neck)
 C - a ring of see invisible (left claw)
 L - a ring of protection from fire (right claw)
Scrolls
 g - a scroll of recharging
 p - a scroll of immolation {unknown}
 r - 2 scrolls of remove curse
 u - a scroll of amnesia {unknown}
 v - 3 scrolls of teleportation
 w - a scroll of random uselessness {unknown}
 A - a scroll of torment {unknown}
 E - 3 scrolls of enchant weapon {unknown}
 F - a scroll of enchant armour {unknown}
 H - a scroll of vulnerability {unknown}
 K - a scroll of noise {unknown}
Potions
 e - a potion of brilliance {unknown}
 h - a potion of might {unknown}
 k - 2 potions of agility {unknown}
 l - 3 potions of curing
 n - a potion of beneficial mutation {unknown}
 x - a potion of ambrosia {unknown}
 z - 4 potions of haste {unknown}
 B - a potion of cure mutation
 D - 2 potions of magic
Comestibles
 f - 3 meat rations
 t - 2 beef jerkies
 I - a slice of pizza


   Skills:
 - Level 2.1 Fighting
 + Level 9.9 Slings
 - Level 1.7 Dodging
 - Level 1.1 Stealth


You had 7 spell levels left.
You didn't know any spells.

Dungeon Overview and Level Annotations

Branches:
Dungeon (6/15)             Temple (1/1) D:5

Altars:
Cheibriados
Elyvilon
Fedhas
Gozag
Kikubaaqudgha
Makhleb
Nemelex Xobeh
Pakellas
Qazlal
Trog
Vehumet
Xom
Yredelemnul
Zin


Innate Abilities, Weirdness & Mutations

Your body is rotting away.
You thrive on raw meat.
You are immune to poison.
You have sharp fingernails.
You are carnivorous and can eat meat at any time.
Your flesh is cold resistant.
You are immune to negative energy.
You regenerate slowly when monsters are visible.
You are immune to unholy pain and torment.
You can survive without breathing.


Message History

The centaur hits you.
* * * LOW HITPOINT WARNING * * *
The centaur hits you.
* * * LOW HITPOINT WARNING * * *
You hit the centaur.
The centaur is almost dead.
The centaur hits you but does no damage.
You hit the centaur but do no damage.
The centaur is almost dead.
The centaur closely misses you. The centaur hits you.
* * * LOW HITPOINT WARNING * * *
You barely miss the centaur.
The centaur is almost dead.
The centaur hits you.
* * * LOW HITPOINT WARNING * * *
You hit the centaur.
You kill the centaur!
The worker ant bites you but does no damage.
You barely miss the worker ant. The worker ant bites you.
You die...

.### #.....#........#.#
##... .#
##...#..........### ##..
.# #...##..........# . ##.
.## ##..###.........## ..
## ..###..###.........##
... # ..##..####.(......##
...♣ ......# #........##
...♣
....)###....##...#♣♣...♣..
.##..#....#####(@a((..(..:
####)....# ##..#♣♣(.(♣.. #
#.....# ##...## ...♣
####....#####.....## ..a♣
...[....###........## c..
....##.........###..## ..
# ...####......### #...##
. ### ...## #.....##
#....## ##.. #...#
#......#####.....## ##...


You could see a worker ant.

Vanquished Creatures
  A phantom (D:6)
  2 ogres (D:6)
  2 centaurs
  A giant frog (D:3)
  A howler monkey (D:6)
  An electric eel (D:6)
  3 crimson imps
  3 hounds
  A centaur zombie (D:5)
  3 orc priests
  Terence (D:3)
  2 iguanas
  An orc wizard (D:6)
  2 worker ants
  A hound zombie (D:6)
  A hound skeleton (D:5)
  A mummy (Ossuary)
  2 howler monkey zombies (D:6)
  5 adders
  An ooze (D:2)
  2 worms
  6 dart slugs
  4 giant geckos
  22 orcs
  4 ball pythons
  2 giant cockroaches
  A gnoll zombie (Ossuary)
  8 goblins
  4 hobgoblins
  6 jackals
  8 kobolds
  2 quokkas (D:3)
  5 bats
  A giant gecko zombie (D:6)
  3 giant newts
  4 goblin zombies (Ossuary)
  2 hobgoblin zombies (Ossuary)
  3 kobold zombies (Ossuary)
  6 rats
128 creatures vanquished.

Vanquished Creatures (others)
  A giant frog (D:6)
  A hound (D:6)
  An iguana (D:6)
  An adder (D:6)
  A giant gecko (D:6)
  An orc (D:6)
  A goblin zombie (Ossuary)
7 creatures vanquished.

Grand Total: 135 creatures vanquished

Notes
Turn   | Place    | Note
--------------------------------------------------------------
     0 | D:1      | Ratboiler the Ghoul Hunter began the quest for the Orb.
     0 | D:1      | Reached XP level 1. HP: 17/17 MP: 0/0
    55 | D:1      | Reached skill level 4 in Slings
    55 | D:1      | Reached XP level 2. HP: 18/24 MP: 1/1
   558 | D:1      | Reached XP level 3. HP: 25/29 MP: 2/2
  1342 | D:2      | Found a sparkling altar of Nemelex Xobeh.
  1469 | D:2      | Reached skill level 5 in Slings
  1469 | D:2      | Reached XP level 4. HP: 32/36 MP: 3/3
  2030 | D:3      | Noticed Terence
  2046 | D:3      | Killed Terence
  2262 | D:3      | Reached XP level 5. HP: 9/41 MP: 4/4
  2409 | D:3      | Reached skill level 6 in Slings
  2745 | D:3      | Reached XP level 6. HP: 48/48 MP: 5/5
  3261 | D:4      | Reached skill level 7 in Slings
  3631 | D:4      | Found a sand-covered staircase.
  3640 | Ossuary  | Entered an ossuary
  3640 | Ossuary  | Noticed a wraith
  3640 | Ossuary  | Noticed a wraith
  3640 | Ossuary  | Noticed a wraith
  3991 | Ossuary  | Noticed a wraith
  4189 | D:5      | Entered Level 5 of the Dungeon
  4247 | D:5      | Found a staircase to the Ecumenical Temple.
  4255 | Temple   | Entered the Ecumenical Temple
  4407 | D:5      | Reached XP level 7. HP: 22/55 MP: 6/6
  5017 | D:5      | Reached skill level 8 in Slings
  5529 | D:6      | Reached XP level 8. HP: 57/60 MP: 7/7
  5544 | D:6      | Reached skill level 9 in Slings
  5565 | D:6      | Got a bloodstained dagger
  5566 | D:6      | Identified the cursed +1 dagger "Rael" {pierce, rN+ Str+9 Int+4} (You found it on level 6 of the Dungeon)
  5826 | D:6      | Found a shimmering altar of Xom.
  6777 | D:6      | Slain by a worker ant

Vault maps used:
D:1:      dpeg_arrival_round_c
D:2:      nemelex_xobeh_ov_fountains_minmay, grunt_ministairs_10, hex_tiny,
          grunt_decor_cap, minmay_unequal
D:3:      uniq_terence
D:4:      chequers_ossuary_entry_cave
D:5:      minmay_temple_entry_glassed_door, first_bread,
          kennysheep_generic_room_12
D:6:      xom_confusion_cloud, nicolae_lava_and_water, kennysheep_diamond
Temple:   circular_temple_12
Ossuary:  ossuary_kennysheep_city_of_the_dead

Skill      XL: |  1  2  3  4  5  6  7  8 |
---------------+-------------------------+-----
Slings         | 4 5 6 7 8 9 |  9.9
Fighting       | |  2.1
Dodging        | |  1.7
Stealth        | |  1.1

Action                   |  1- 3 |  4- 6 |  7- 9 || total
-------------------------+-------+-------+-------++-------
Melee: Short sword       |    15 |       |       ||    15
       Spear             |    95 |   117 |    40 ||   252
       Dagger            |       |       |    27 ||    27
 Fire: Hunting sling     |    13 |   205 |   244 ||   462
  Use: Scroll            |       |     6 |     3 ||     9
       Potion            |       |       |     1 ||     1
 Stab: Sleeping          |     1 |       |       ||     1
  Eat: Chunk             |    24 |    48 |    18 ||    90
Armor: Leather armour    |     9 |       |       ||     9
       Ring mail         |    21 |    13 |       ||    34
       Scale mail        |       |    97 |    59 ||   156
Dodge: Dodged            |    48 |    88 |    67 ||   203
